 Dungeon Crawl Stone Soup version 0.24.0-13-gcf9b3192b9 (webtiles) character file.

Game seed: 9980724830341530814, levelgen mode: deterministic

4108 Masnef the Cutter (level 10, 0/73 HPs)
             Began as a Human Enchanter on Nov 7, 2019.
             Was a Believer of Kikubaaqudgha.
             Slain by a killer bee (7 damage)
             ... on level 7 of the Dungeon on Nov 8, 2019.
             The game lasted 00:40:59 (11549 turns).

Masnef the Cutter (Human Enchanter)                Turns: 11549, Time: 00:41:00

Health: 0/73       AC:  6    Str:  8    XL:     10   Next: 50%
Magic:  14/14      EV: 14    Int: 19    God:    Kikubaaqudgha [**....]
Gold:   509        SH:  0    Dex: 14    Spells: 6/15 levels left

rFire    . . .     SeeInvis .   j - +3 whip (pain)
rCold    . . .     Gourm    .   m - +0 buckler
rNeg     . . .     Faith    .   F - +0 leather armour (curse)
rPois    .         Spirit   .   v - +0 helmet
rElec    .         Reflect  .   (no cloak)
rCorr    .         Harm     .   y - +0 pair of gloves
MR       .....                  t - +0 pair of boots
Stlth    +.........             (no amulet)
HPRegen  0.22/turn              (no ring)
MPRegen  0.14/turn              (no ring)

@: confused, lethally poisoned (0 -> -13), very slightly contaminated, invisible
A: no striking features
a: Receive Corpses, Renounce Religion


You were on level 7 of the Dungeon.
You worshipped Kikubaaqudgha.
Kikubaaqudgha was pleased with you.
You were not hungry.

You visited 2 branches of the dungeon, and saw 9 of its levels.

You collected 509 gold pieces.

Inventory:

Hand Weapons
 a - a +1 dagger
 g - a +2 dagger of venom
 i - a +2 dagger of speed
 j - a +3 whip of pain (weapon)
Armour
 b - a +0 robe
 m - a +0 buckler (worn)
 o - a +1 ring mail of poison resistance
 t - a +0 pair of boots (worn)
 v - a +0 helmet (worn)
 y - a +0 pair of gloves (worn)
 F - a cursed +0 leather armour (worn)
Wands
 p - a wand of iceblast (7)
 w - a wand of acid (2)
 x - a wand of enslavement (10)
Scrolls
 c - a scroll of fog
 e - 3 scrolls of enchant weapon
 h - a scroll of teleportation
 q - 4 scrolls of remove curse
 r - 2 scrolls of identify
 s - 2 scrolls of immolation
Potions
 l - 2 potions of brilliance {unknown}
 n - 2 potions of lignification {unknown}
 u - a potion of flight {unknown}
 z - a potion of curing
 A - a potion of magic {unknown}
 B - 2 potions of mutation {unknown}
 C - a potion of heal wounds {unknown}
 D - a potion of haste {unknown}
Comestibles
 d - 16 rations


   Skills:
 + Level 4.9 Fighting
 - Level 7.0 Short Blades
 * Level 0.1 Maces & Flails
 + Level 5.5 Dodging
 + Level 6.2 Stealth
 - Level 4.0 Shields
 - Level 3.0 Spellcasting
 - Level 1.0 Conjurations
 + Level 5.9 Hexes
 * Level 5.2 Necromancy
 - Level 1.0 Ice Magic


You had 6 spell levels left.
You knew the following spells:

 Your Spells              Type           Power        Failure   Level  Hunger
a - Corona                Hex            ####...      1%          1    None
b - Ensorcelled Hibernat  Hex/Ice        ###...       9%          2    ##.....
c - Confuse               Hex            ####....     6%          3    ###....
d - Dazzling Spray        Conj/Hex       ###...       16%         3    ###....

Your spell library contained the following spells:

 Spells                   Type           Power        Failure   Level  Hunger
 Pain                     Necr           ###.         2%          1    None
 Corpse Rot               Necr           N/A          3%          2    ##.....
 Sublimation of Blood     Necr           ###.......   3%          2    ##.....
 Tukima's Dance           Hex            ####....     6%          3    ###....
 Vampiric Draining        Necr           ###.......   8%          3    ###....


Dungeon Overview and Level Annotations

Branches:
Dungeon (8/15)             Temple (1/1) D:5
   Lair: D:8-11

Altars:
Ashenzari
Cheibriados
Dithmenos
Elyvilon
Fedhas
Gozag
Hepliaklqana
Kikubaaqudgha
Makhleb
Nemelex Xobeh
Okawaru
Qazlal
Ru
Sif Muna
Trog
Uskayaw
Vehumet
Wu Jian
Xom
Yredelemnul
Zin
The Shining One

Shops:
D:5 *

Annotations:
D:8 Gastronok


Message History

You bump into the rock wall.
* * * LOW HITPOINT WARNING * * *
You feel sick. The killer bee barely misses you. The killer bee stings you.
* * * LOW HITPOINT WARNING * * *
You are more poisoned.
The killer bee poisons you!
The killer bee stings you but does no damage.
You hear an angry buzzing noise.
The killer bee barely misses you.
You completely miss the killer bee.
* * * LOW HITPOINT WARNING * * *
You feel sick.
You hear an angry buzzing noise.
The killer bee closely misses you.
The killer bee stings you but does no damage.
The killer bee stings you.
* * * LOW HITPOINT WARNING * * *
The killer bee stings you!
You die...
Kikubaaqudgha rasps: "You have failed me!
Welcome... death!"

######### #....)..######
#........([..##
#.......####..##############
####c#### ##.(((............
#.# ##..###.(.(######## #.#
###y@## ####(...####. #.#
#..y## #.......##. ##(# #...#
#...)...... ######..# #...#
#.......#.. #......## #...##
#.......#.# #.####.# ##....##
#.......#.#
#)########......#####.........#
#.............#....#####.####.#
#####.###.....####..####.# #.#


You could see 2 killer bees.

Vanquished Creatures
  3 hippogriffs
  Sigmund (D:4)
  A shadow (D:5)
  A sky beast (D:8)
  3 phantoms
  3 ice beasts
  5 orc warriors
  A black bear (D:6)
  A necrophage (D:8)
  3 ogres
  2 centaurs
  A bullfrog (D:6)
  A wyvern zombie (D:6)
  A water moccasin skeleton (D:5)
  4 scorpions
  2 howler monkeys
  4 crimson imps
  2 jellies
  A centaur zombie (D:6)
  3 orc priests
  A bullfrog skeleton (D:7)
  2 hounds (D:4)
  8 orc wizards
  Ijyb (D:3)
  Terence (D:3)
  An iguana (D:5)
  7 worker ants
  A howler monkey skeleton (D:6)
  A gnoll (D:7)
  10 adders
  A shadow imp (D:5)
  An ooze (D:2)
  An adder skeleton (D:4)
  4 adder zombies (D:6)
  4 worms
  4 dart slugs
  4 leopard geckos
  37 orcs
  9 bats
  4 giant cockroaches
  13 goblins
  6 hobgoblins
  5 jackals
  2 quokkas (D:5)
  2 ball pythons
  8 frilled lizards
  A jackal zombie (D:6)
  6 kobolds
  2 leopard gecko skeletons
  A leopard gecko zombie (D:5)
  6 rats
197 creatures vanquished.

Notes
Turn   | Place    | Note
-------+----------+-------------------------------------------
     0 | D:1      | Masnef the Human Enchanter began the quest for the Orb.
     0 | D:1      | Reached XP level 1. HP: 13/13 MP: 3/3
   321 | D:1      | Reached XP level 2. HP: 12/19 MP: 1/5
   448 | D:1      | Learned a level 2 spell: Ensorcelled Hibernation
  1005 | D:1      | Reached XP level 3. HP: 21/24 MP: 6/6
  1644 | D:2      | Found a faded altar of an unknown god.
  1661 | D:2      | Reached skill level 2 in Short Blades
  1661 | D:2      | Reached XP level 4. HP: 25/31 MP: 7/7
  1869 | D:2      | Found a basalt altar of Yredelemnul.
  1939 | D:2      | Found a shimmering blue altar of Sif Muna.
  2026 | D:2      | Reached skill level 1 in Fighting
  2113 | D:2      | Found a shimmering altar of Xom.
  2114 | D:2      | Found a shimmering altar of Xom.
  2114 | D:2      | Found a shimmering altar of Xom.
  2130 | D:2      | Found a shimmering altar of Xom.
  2459 | D:3      | Noticed Terence
  2479 | D:3      | Killed Terence
  2479 | D:3      | Reached XP level 5. HP: 35/37 MP: 2/8
  2806 | D:3      | Learned a level 3 spell: Confuse
  2810 | D:3      | Learned a level 3 spell: Dazzling Spray
  3182 | D:3      | Noticed Ijyb
  3187 | D:3      | Killed Ijyb
  3578 | D:4      | Reached skill level 1 in Shields
  3578 | D:4      | Reached XP level 6. HP: 22/43 MP: 7/10
  3856 | D:4      | Reached skill level 1 in Conjurations
  3856 | D:4      | Reached skill level 1 in Ice Magic
  3860 | D:4      | Found a shadowy altar of Dithmenos.
  3911 | D:4      | Noticed Sigmund
  4312 | D:4      | Reached skill level 3 in Short Blades
  4450 | D:4      | Reached XP level 7. HP: 49/49 MP: 11/11
  4546 | D:4      | Found an iron altar of Okawaru.
  4841 | D:4      | Killed Sigmund
  4900 | D:5      | Entered Level 5 of the Dungeon
  5214 | D:5      | HP: 2/50 [ice beast (14)]
  5228 | D:5      | Reached skill level 4 in Short Blades
  5228 | D:5      | Reached XP level 8. HP: 5/57 MP: 2/12
  6115 | D:5      | Found a staircase to the Ecumenical Temple.
  6163 | Temple   | Entered the Ecumenical Temple
  6240 | Temple   | Became a worshipper of Kikubaaqudgha
  6328 | D:5      | Found Gozag's Platinum Reserve.
  6328 | D:5      | Found an opulent altar of Gozag.
  6463 | D:5      | Reached skill level 1 in Necromancy
  6740 | D:4      | Reached skill level 5 in Short Blades
  7192 | D:5      | Found a radiant altar of Vehumet.
  7373 | D:6      | Reached XP level 9. HP: 64/64 MP: 13/13
  7457 | D:6      | Identified the cursed +2 broad axe "Human's Foe" {drain,
                  | *Corrode +Fly MR- Str+6} (You found it on level 6 of the
                  | Dungeon)
  7488 | D:6      | Noticed a hippogriff
  7495 | D:6      | Killed a hippogriff
  7495 | D:6      | Reached skill level 5 in Stealth
  7636 | D:6      | Reached skill level 5 in Hexes
  7831 | D:6      | Reached * piety under Kikubaaqudgha
  7831 | D:6      | Identified Kikubaaqudgha's Almanac of Unholy Rituals
                  | (Kikubaaqudgha gifted it to you on level 6 of the Dungeon)
  7831 | D:6      | Received a gift from Kikubaaqudgha
  8701 | D:6      | Found a snail-covered altar of Cheibriados.
  8764 | D:6      | Reached skill level 6 in Short Blades
  8822 | D:6      | Found a bloodstained altar of Trog.
  8823 | D:6      | Found a blossoming altar of Fedhas.
  8823 | D:6      | Found a stormy altar of Qazlal.
  9026 | D:6      | Found a glowing silver altar of Zin.
  9485 | D:7      | Noticed a hippogriff
  9574 | D:7      | Noticed a hippogriff
  9605 | D:7      | Killed a hippogriff
  9875 | D:7      | Reached XP level 10. HP: 52/73 MP: 3/14
 10100 | D:7      | Found a flagged portal.
 10447 | D:7      | Reached skill level 5 in Dodging
 10595 | D:8      | Noticed Gastronok
 10777 | D:8      | Reached ** piety under Kikubaaqudgha
 10802 | D:8      | Reached skill level 7 in Short Blades
 10802 | D:8      | Reached skill level 5 in Necromancy
 11544 | D:7      | HP: 3/73 [poisoned by a killer bee]
 11545 | D:7      | HP: 1/73 [killer bee (1)]
 11549 | D:7      | Slain by a killer bee

Levels and vault maps discovered:
D:1:      dpeg_arrival_tiny_d, layout_basic, minmay_misc_feat_roman
D:2:      wander_river, layout_rooms, xom_redecorated,
          nicolae_overflow_crystal_walls, led_sif_pool,
          chequers_ecumenical_altar_island, minmay_tetromino_o2
D:3:      minmay_inner_zag, layout_loops_ring, patterned_corridor, uniq_ijyb,
          uniq_terence
D:4:      layout_basic, marbit_many_paths, okawaru_gym_becter, uniq_sigmund
D:5:      layout_basic, nicolae_gozag_zags_fifth_avenue, kennysheep_mini_moat,
          minmay_temple_entry_overgrown, first_ration
D:6:      minmay_opposing_rooms, layout_cave_pools, kennysheep_slug_shrine,
          nicolae_overflow_quartered_altars, chequers_serial_rivers_micro_d,
          roderic_roman_lattice
D:7:      layout_rooms, enter_bailey_7
D:8:      layout_cave_pools, ebering_ghost_gozag, david_nohive_1, uniq_gastronok
Temple:   cyrus_temple_forest

Skill      XL: |  1  2  3  4  5  6  7  8  9 10 |
---------------+-------------------------------+-----
Short Blades   | 2 3 4 5 6 7 |  7.0
Fighting       | 1 2 3 4 |  4.9
Shields        | 1 2 4 |  4.0
Conjurations   | 1 |  1.0
Ice Magic      | 1 |  1.0
Spellcasting   | 3 |  3.0
Dodging        | 3 4 5 |  5.5
Stealth        | 4 5 6 |  6.2
Hexes          | 4 5 |  5.9
Necromancy     | 1 4 5 |  5.2
Maces & Flails | |  0.1

Action                   |  1- 3 |  4- 6 |  7- 9 | 10-12 || total
-------------------------+-------+-------+-------+-------++-------
Melee: Dagger            |   109 |   127 |   417 |   102 ||   755
       Whip              |       |       |       |    30 ||    30
 Cast: Corona            |     3 |     1 |     4 |     2 ||    10
       Ensorcelled Hiber |     5 |    11 |    38 |    26 ||    80
       Dazzling Spray    |       |     2 |     9 |     2 ||    13
       Confuse           |       |       |    37 |     7 ||    44
Evoke: Wand              |       |       |     4 |     2 ||     6
  Use: Scroll            |     2 |     2 |     4 |       ||     8
       Potion            |     2 |       |       |     2 ||     4
 Stab: Sleeping          |     8 |    19 |    24 |    13 ||    64
       Invisible         |       |     1 |     1 |     1 ||     3
       Confused          |       |       |    18 |     5 ||    23
       Distracted        |       |       |     2 |       ||     2
  Eat: Chunk             |     2 |     7 |    14 |     8 ||    31
       Ration            |       |     1 |     3 |       ||     4
Armor: Robe              |    22 |    26 |    38 |    10 ||    96
       Leather armour    |       |       |       |    15 ||    15
Dodge: Dodged            |    56 |    68 |   177 |    88 ||   389
Block: Buckler           |       |    16 |    47 |    29 ||    92
